AoeStats
← LivreChene790

Arabia

507542599Analyzed
1v1 RM · 14d ago on Sep 18, 2026· 54m 14s· 2 players
Game mode
Random Map
Map size
Tiny (2 player)
Population
200
Speed
Normal
Resources
Standard
Victory
Conquest
Starting age
Dark Age
Ending age
Imperial Age
RankedLock teamsTeams togetherTeam positionsShared explorationLock speedFull tech treeHidden civsTurbo modeCheats
Victory
Defeat
🇲🇽 Vikings · Mexico
906
+17
🇫🇷 Burmese · France
923
-17
Dibujanding
4:02 Loom
10:08 Feudal Age
12:45 Man-at-Arms
16:18 Double-Bit Axe
20:53 Padded Archer Armor
21:54 Scale Barding Armor
23:23 Forging
25:50 Castle Age
24:16 Gold Mining
26:04 Fletching
26:16 Scale Mail Armor
26:21 Gambesons
26:54 Pikeman
27:38 Horse Collar
28:23 Long Swordsman
29:48 Bow Saw
29:42 Heavy Plow
30:36 Squires
31:51 Chain Mail Armor
32:06 Stone Mining
34:48 Gold Shaft Mining
34:55 Iron Casting
39:05 Chain Barding Armor
43:17 Imperial Age
43:23 Cavalier
44:36 Plate Mail Armor
44:31 Conscription
43:57 Two-Handed Swordsman
46:27 Elite Berserk
47:11 Chieftains
47:15 Bogsveigar
47:29 Chieftains
46:58 Champion
49:11 Blast Furnace
48:47 Onager
LivreChene790
11:33 Feudal Age
13:31 Horse Collar
24:55 Castle Age
25:07 Elite Skirmisher
25:24 Pikeman
26:49 Forging
29:54 Heavy Plow
30:51 Wheelbarrow
35:01 Scale Barding Armor
34:58 Padded Archer Armor
41:23 Imperial Age
39:50 Fletching
40:22 Murder Holes
41:40 Manipur Cavalry
43:02 Heavy Scorpion
45:09 Hand Cart
45:39 Howdah
45:53 Elite Battle Elephant
51:23 Redemption
52:23 Crossbowman
Connection lost

Rejoining the realm…

Still unreachable

The connection could not be restored.

Session expired

The server has moved on; the page needs a fresh start.